 Dungeon Crawl Stone Soup version 0.26.0-10-g1f06aea511 (webtiles) character file.

Game seed: 4145986256772714283

100 Borgoz the Slasher (level 4, -3/37 HPs)
             Began as a Ghoul Gladiator on Jan 14, 2021.
             Killed from afar by an orc wizard (11 damage)
             ... with a magic dart
             ... on level 3 of the Dungeon.
             The game lasted 00:01:54 (2058 turns).

Borgoz the Slasher (Ghoul Gladiator)                Turns: 2058, Time: 00:01:54

Health: -3/37      AC:  4    Str: 17    XL:     4   Next: 73%
Magic:  3/3        EV: 12    Int:  3    God:
Gold:   101        SH:  0    Dex: 11    Spells: 3/3 levels left

rFire    + . .     SeeInvis .   a - +0 long sword
rCold    + + .     Faith    .   (no shield)
rNeg     + + +     Spirit   .   b - +0 leather armour
rPois    ∞         Reflect  .   c - +0 helmet
rElec    +         Harm     .   (no cloak)
rCorr    +         Rampage  .   (no gloves)
Will     .....                  (no boots)
Stlth    +.........             (no amulet)
HPRegen  0.00/turn              (no ring)
MPRegen  0.08/turn              (no ring)

@: resistant
A: claws 1, cold resistance 1, negative energy resistance 3, inhibited
regeneration, torment resistance, unbreathing
a: no special abilities


You were on level 3 of the Dungeon.
You visited 1 branch of the dungeon, and saw 3 of its levels.

You collected 101 gold pieces.

Inventory:

Hand Weapons
 a - a +0 long sword (weapon)
Missiles
 d - 3 throwing nets (quivered)
Armour
 b - a +0 leather armour (worn)
 c - a +0 helmet (worn)
Scrolls
 e - a scroll of amnesia {unknown}
 g - a scroll of magic mapping {unknown}
 h - a scroll of fog {unknown}
 i - a scroll of remove curse {unknown}


   Skills:
 + Level 2.9 Fighting
 * Level 3.5 Long Blades
 - Level 1.7 Throwing
 * Level 2.0 Armour
 + Level 3.1 Dodging


You had 3 spell levels left.
You didn't know any spells.
Your spell library was empty.

Dungeon Overview and Level Annotations

Branches:
Dungeon (3/15)

Altars:
The Shining One


Innate Abilities, Weirdness & Mutations

You thrive by killing the living.
You are immune to poison.
You have sharp fingernails.
Your flesh is cold resistant. (rC+)
You are immune to negative energy. (rN+++)
You do not regenerate when monsters are visible.
You are immune to unholy pain and torment.
You can survive without breathing.


Message History

The orc wizard blinks!
You slash the goblin!
You kill the goblin!
You hit the orc but do no damage. The orc closely misses you.
You slash the orc!
You kill the orc!
You feel better. The bat misses you.
There are monsters nearby!
You hit the bat.
You kill the bat!
An orc comes into view. It is quivering 16 poisoned darts.
Found 14 arrows.
A bat comes into view.
The bat barely misses you.
The orc wizard gestures wildly while chanting.
The orc wizard blinks!
The bat hits you but does no damage.
The orc wizard gestures at you while chanting.
The magic dart hits you!
You die...

.. #†# #.†.... #. #.#
#...### # #. #.# #...#
#.## #. #.# ###...###
#...##.###.# #.......#
.###...(§..# #.#...#.#
#......o#### ##.#...#.#
........# #####.........
.#####b@###.............
##....<............
#..##.##.#.......# #..##
#.###...##. #..#.. #.#
#...##. #..##.##.#
##.... .........# .###.
.##......# .. #.
#.#.##.# #.


You could see an orc wizard (fast) and a bat.

Vanquished Creatures
  An orc wizard (D:3)
  An adder (D:2)
  4 dart slugs
  2 leopard geckos
  An orc (D:3)
  2 ball pythons
  4 bats
  5 giant cockroaches
  8 goblins
  9 hobgoblins
  3 kobolds
  A quokka (D:2)
  4 frilled lizards
  2 rats
47 creatures vanquished.

Notes
Turn   | Place    | Note
-------+----------+-------------------------------------------
     0 | D:1      | Borgoz the Ghoul Gladiator began the quest for the Orb.
     0 | D:1      | Reached XP level 1. HP: 17/17 MP: 0/0
   108 | D:1      | Reached XP level 2. HP: 25/25 MP: 1/1
   322 | D:1      | Reached skill level 1 in Armour
   665 | D:1      | Reached XP level 3. HP: 30/30 MP: 2/2
  1793 | D:3      | Reached XP level 4. HP: 37/37 MP: 3/3
  1979 | D:3      | Found a glowing golden altar of the Shining One.
  2058 | D:3      | Killed from afar by an orc wizard

Illustrated notes

Levels and vault maps discovered:
D:1:      lemuel_arrival_tunnels, layout_basic, kennysheep_small_spiral,
          minmay_misc_feat_columns
D:2:      layout_basic
D:3:      layout_loops_cross, lemuel_crystal_altar, kennysheep_jessica_study

Skill      XL: |  1  2  3  4 |
---------------+-------------+-----
Long Blades    | 3 |  3.5
Armour         | 1 2 |  2.0
Dodging        | 3 |  3.1
Fighting       | |  2.9
Throwing       | |  1.7

Action                   |  1- 3 |  4- 6 || total
-------------------------+-------+-------++-------
Melee: Long sword        |   124 |    53 ||   177
  Use: Potion            |     1 |     3 ||     4
Armor: Leather armour    |    49 |    27 ||    76
Dodge: Dodged            |    90 |    39 ||   129
       Rpst.: Long sword |    25 |     9 ||    34
